Map: Orbital Shipyard

Players

ILLBdA

  • Race: Protoss Protoss
  • League: Diamond

오이겐 - Winner!

  • Race: Terran Terran
  • League: Diamond

VOD

Have the link to the VOD?

Description

Time

  • Played on: Dec. 17, 2015, 9:19 a.m.
  • Length: 9:39
Show
View Real Time Build Order
Export as new Build Order

ILLBdA Protoss 

Build Orders: 1 Gate Expand, Double Forge, Dark Templar Rush 

Get SALT Encoding   

  12  0:02  Probe (Chrono Boost)  
  13  0:12  Probe (Chrono Boost)  
  14  0:19  Pylon  
  14  0:23  Probe (Chrono Boost)  
  15  0:37  Probe (Chrono Boost)  
  15  0:40  Gateway  
  16  0:48  Probe (Chrono Boost)  
  16  0:49  Assimilator  
  17  0:59  Probe (Chrono Boost)  
  18  1:09  Probe (Chrono Boost)  
  19  1:20  Probe (Chrono Boost)  
  20  1:30  Cybernetics Core, Probe (Chrono Boost)  
  21  1:37  Nexus  
  21  1:42  Assimilator  
  21  1:48  Pylon  
  21  1:51  Probe (Chrono Boost)  
  22  2:01  Probe (Chrono Boost)  
  22  2:06  Stalker (Chrono Boost)  
  22  2:08  Warp Gate  
  25  2:13  Probe (Chrono Boost)  
  26  2:24  Mothership Core (Chrono Boost), Pylon  
  28  2:43  Probe (Chrono Boost)  
  28  2:51  Twilight Council  
  28  2:52  Probe (Chrono Boost)  
  28  2:53  Probe (Chrono Boost)  
  30  3:02  Probe (Chrono Boost)  
  30  3:04  Probe (Chrono Boost)  
  32  3:13  Probe (Chrono Boost)  
  32  3:14  Cybernetics Core, Probe (Chrono Boost), Forge  
  32  3:16  Forge  
  34  3:23  Probe (Chrono Boost)  
  35  3:29  Sentry, Dark Shrine  
  37  3:35  Probe x2 (Chrono Boost)  
  39  3:45  Probe (Chrono Boost)  
  39  3:46  Assimilator  
  40  3:49  Protoss Ground Weapons Level 1 (Chrono Boost)  
  40  3:51  Assimilator  
  40  4:03  Protoss Ground Armor Level 1 (Chrono Boost)  
  40  4:11  Probe (Chrono Boost)  
  40  4:16  Probe  
  42  4:21  Probe  
  43  4:26  Robotics Facility  
  43  4:27  Resonating Glaives (Chrono Boost)  
  43  4:28  Gateway  
  43  4:31  Gateway  
  43  4:33  Adept  
  43  4:35  Probe  
  43  4:37  Photon Cannon  
  47  4:38  Probe  
  47  4:42  Photon Cannon  
  47  4:47  Probe  
  48  4:54  Adept, Pylon  
  48  4:58  Probe  
  51  5:06  Pylon  
  51  5:15  Observer (Chrono Boost)  
  52  5:24  Adept x2, Nexus  
  56  5:31  Adept  
  56  5:32  Probe  
  59  5:38  Observer  
  59  5:40  Pylon  
  60  5:44  Probe  
  60  5:47  Sentry x2  
  60  5:48  Pylon  
  65  5:52  Protoss Ground Armor Level 2 (Chrono Boost)  
  65  5:53  Pylon  
  65  5:55  Protoss Ground Weapons Level 2 (Chrono Boost)  
  65  5:59  Probe  
  65  6:04  Warp Prism  
  61  6:12  Stalker  
  61  6:18  Probe  
  64  6:23  Probe  
  65  6:30  Probe  
  66  6:35  Probe  
  66  6:36  Probe  
  68  6:42  Probe  
  68  6:43  Adept  
  68  6:44  Adept x2  
  61  7:10  Adept  
  61  7:11  Adept x2  
  69  7:16  Probe (Chrono Boost)  
  69  7:17  Mothership Core (Chrono Boost)  
  70  7:24  Pylon  
  70  7:33  Adept, Pylon  
  70  7:34  Adept x2  
  70  7:35  Photon Cannon  
  70  7:36  Probe (Chrono Boost)  
  77  7:38  Gateway  
  77  7:40  Gateway  
  77  7:45  Templar Archives, Probe  
  78  8:04  Observer  
  78  8:06  Adept x3  
  78  8:15  Probe, Photon Cannon  
  78  8:16  Probe  
  78  8:17  Probe  
  81  8:26  Probe  
  81  8:27  Pylon  
  81  8:28  Probe  
  82  8:39  High Templar  
  83  8:41  Probe  
  83  8:45  Assimilator  
  83  8:46  Probe  
  84  8:49  Pylon  
  84  8:50  Assimilator  
  84  8:54  Pylon  
  84  8:55  Probe  
  84  8:56  Probe  
  84  9:01  Zealot x2  
  84  9:02  Zealot  
  92  9:07  Probe  
  93  9:13  Photon Cannon  
  93  9:14  Probe x2  
  95  9:23  Gateway  
  95  9:24  Gateway  
  95  9:25  Stalker  
  95  9:32  Stalker  
  95  9:33  Stalker  
Show
View Real Time Build Order
Export as new Build Order

오이겐 Terran - Winner!

Build Orders: Liberator Opening, Reaper Expand, MMM Bio 

Get SALT Encoding   

  12  0:01  SCV  
  13  0:13  SCV  
  14  0:18  Supply Depot  
  14  0:25  SCV  
  14  0:27  Refinery  
  15  0:40  SCV  
  16  0:45  Barracks  
  16  0:53  SCV  
  17  1:05  SCV  
  18  1:17  SCV  
  19  1:32  Orbital Command  
  19  1:34  Reaper  
  20  1:49  Command Center  
  20  1:56  Supply Depot  
  20  1:58  SCV  
  21  2:14  Factory  
  21  2:18  SCV  
  21  2:19  Barracks Reactor  
  22  2:29  Refinery  
  22  2:47  SCV  
  23  2:52  Engineering Bay  
  23  2:58  Barracks  
  23  3:00  Starport, Factory Reactor  
  23  3:03  SCV  
  25  3:07  Orbital Command  
  25  3:10  Marine  
  25  3:11  Marine  
  26  3:15  SCV  
  27  3:26  Liberator  
  27  3:28  SCV  
  27  3:29  Marine  
  27  3:32  Marine  
  30  3:43  Factory Reactor  
  30  3:46  SCV  
  34  3:49  Barracks Tech Lab  
  34  3:51  SCV  
  34  3:53  Refinery  
  35  3:55  Refinery  
  35  3:58  SCV  
  36  4:07  SCV  
  37  4:13  Liberator  
  37  4:15  Marine x2  
  38  4:18  Marauder  
  38  4:19  SCV, Missile Turret  
  38  4:21  Missile Turret  
  38  4:23  Missile Turret  
  44  4:35  Widow Mine  
  46  4:39  Supply Depot  
  46  4:42  Widow Mine  
  46  4:45  Marine  
  49  4:49  Missile Turret  
  49  4:50  SCV  
  50  4:55  SCV  
  50  4:59  Stimpack  
  51  5:03  SCV  
  52  5:10  SCV  
  53  5:20  Medivac x2  
  57  5:22  Marauder  
  59  5:29  Widow Mine  
  59  5:30  Marine  
  59  5:35  Supply Depot  
  62  5:39  Supply Depot  
  62  5:56  SCV x2  
  61  6:21  SCV  
  61  6:22  Command Center, SCV  
  61  6:24  Marine  
  61  6:25  Marauder  
  66  6:29  Barracks  
  66  6:31  Terran Infantry Weapons Level 1, Barracks, Marine  
  67  6:42  Marine  
  67  6:45  Marine  
  66  6:58  Liberator x2  
  58  7:08  Marine x2  
  58  7:09  Marauder  
  59  7:16  Combat Shields, Widow Mine x2  
  59  7:19  Barracks Reactor, Barracks Tech Lab  
  69  7:26  Marine x2  
  71  7:30  Marauder  
  73  7:38  SCV x2  
  73  7:40  Supply Depot  
  73  7:42  Missile Turret  
  75  7:45  Marine  
  75  7:46  Concussive Shells  
  76  7:51  Supply Depot  
  76  7:52  Marauder  
  76  7:57  Marine x2  
  76  8:07  Medivac x2  
  77  8:17  SCV x2  
  79  8:20  Supply Depot, Missile Turret  
  79  8:35  Liberator  
  79  8:36  SCV  
  79  8:37  Orbital Command  
  79  8:40  Widow Mine x2  
  86  8:41  Marauder x2  
  86  8:43  SCV  
  86  8:48  Engineering Bay, Barracks  
  89  8:50  Armory  
  89  8:51  Medivac  
  89  8:52  Barracks  
  89  8:54  Marine x2  
  89  8:55  Marine x2  
  98  9:01  SCV x2  
  102  9:03  Marauder x2  
  104  9:12  SCV, Marine  
  104  9:13  SCV  
  104  9:15  Missile Turret  
  104  9:16  SCV  
  108  9:25  SCV x2  
Tags
 
Add a new tag
Caveats
  • Supply blocks, unpowered buildings, or Contaminate may cause inaccurate times.
  • Supply counts are checked every 10 seconds.